 Dungeon Crawl Stone Soup version 0.21.1-1-g345015f (webtiles) character file.

5650 wojtek the Cleaver (level 10, -8/91 HPs)
             Began as a Minotaur Fighter on Apr 6, 2018.
             Was a Believer of Makhleb.
             Mangled by a centaur warrior
             ... wielding a +2 rapier of flaming
              (11 damage)
             ... in a volcano.
             The game lasted 00:12:18 (8197 turns).

wojtek the Cleaver (Minotaur Fighter)               Turns: 8197, Time: 00:12:20

Health: -8/91      AC: 17    Str: 23    XL:     10   Next: 46%
Magic:  12/12      EV:  9    Int:  5    God:    Makhleb [**....]
Gold:   379        SH:  9    Dex: 11    Spells: 9/9 levels left

rFire    . . .     SeeInvis .   a - +1 war axe (venom)
rCold    . . .     Gourm    .   c - +0 shield
rNeg     . . .     Faith    .   r - +0 plate armour
rPois    .         Spirit   .   (helmet restricted)
rElec    .         Reflect  .   (no cloak)
rCorr    .         Harm     .   e - +0 pair of gloves
MR       .....                  y - +0 pair of boots
Stlth    ..........             (no amulet)
HPRegen  0.25/turn              I - +2 ring of evasion
MPRegen  0.13/turn              M - ring of stealth

@: no status effects
A: retaliatory headbutt, horns 2
a: Minor Destruction, Renounce Religion


You were in a volcano.
You worshipped Makhleb.
Makhleb was pleased with you.
You were not hungry.

You visited 3 branches of the dungeon, and saw 11 of its levels.
You also visited: Ossuary and Volcano.

You collected 415 gold pieces.
You spent 36 gold pieces at shops.

Inventory:

Hand Weapons
 a - a +1 war axe of venom (weapon)
 q - a +2 war axe
Missiles
 i - a throwing net (quivered)
 v - 6 javelins
Armour
 c - a +0 shield (worn)
 e - a +0 pair of gloves (worn)
 r - a +0 plate armour (worn)
 y - a +0 pair of boots (worn)
 P - the +3 ring mail of Buymal {MR+}
   (You found it on level 8 of the Dungeon)

   It affects your resistance to hostile enchantments.
Jewellery
 g - an uncursed ring of ice
 u - an uncursed ring of flight
 I - a +2 ring of evasion (left hand)
 K - an uncursed ring of protection from cold
 M - a ring of stealth (right hand)
 N - an uncursed ring of protection from cold
Wands
 B - a wand of polymorph (14)
 C - a wand of flame (30)
 D - a wand of iceblast (6)
Scrolls
 h - 3 scrolls of identify
 j - 3 scrolls of amnesia
 o - a scroll of fog {unknown}
 s - 2 scrolls of enchant weapon
 t - a scroll of immolation {unknown}
 w - 5 scrolls of teleportation
 x - a scroll of magic mapping
 z - 4 scrolls of remove curse
 H - 2 scrolls of enchant armour {unknown}
 J - a scroll of blinking {unknown}
 L - a scroll of acquirement {unknown}
Potions
 d - a potion of might
 k - 2 potions of invisibility
 l - 6 potions of curing
 n - a potion of lignification {unknown}
 p - 5 potions of brilliance
 A - 3 potions of agility
 E - 2 potions of resistance
 F - a potion of mutation {unknown}
 G - a potion of flight {unknown}
Comestibles
 f - 12 rations


   Skills:
 + Level 9.3 Fighting
 + Level 11.2 Axes
 + Level 9.3 Armour
 + Level 6.2 Dodging
 - Level 3.6 Shields
 * Level 4.9 Invocations


You had 9 spell levels left.
You didn't know any spells.

Dungeon Overview and Level Annotations

Branches:
Dungeon (9/15)             Temple (1/1) D:6            Lair (1/6) D:8
    Orc: D:9-12

Altars:
Ashenzari
Cheibriados
Dithmenos
Elyvilon
Fedhas
Gozag
Hepliaklqana
Kikubaaqudgha
Makhleb
Nemelex Xobeh
Okawaru
Qazlal
Ru
Sif Muna
Trog
Uskayaw
Vehumet
Wu Jian
Xom
Yredelemnul
Zin
The Shining One

Shops:
D:8 ?

Annotations:
D:9 empire's ghost, novice GnGl


Innate Abilities, Weirdness & Mutations

You reflexively headbutt those who attack you in melee.
You have a pair of horns on your head.


Message History

* * * LOW HITPOINT WARNING * * *
A centaur comes into view. It is wielding a shortbow of flaming.
It was a potion of curing.
You feel better.
The centaur shouts!
You hear a shout!
The centaur warrior hits you but does no damage. x2
A hell knight comes into view. It is wielding a halberd of flaming.
Okay, then.
You barely miss the centaur warrior.
The hell knight shouts!
Your headbutt misses the centaur warrior.
The centaur warrior is severely wounded.
The air gets thick with the scent of sulphur.
You block the centaur warrior's attack.
The centaur warrior hits you with a rapier of flaming.
* * * LOW HITPOINT WARNING * * *
The centaur warrior burns you.
* * * LOW HITPOINT WARNING * * *
A centaur opens the large door.
The centaur warrior hits you with a rapier of flaming!
You die...

§#. #.....#..
≈#.. #######.
≈#...'[).!)p
≈#..c#..≈..# .
#...#8≈≈≈8#..
#..c..≈..'..
§≈#..'.c...'c.
≈≈# #8c..8# #≈
≈≈§###@(...###≈≈
#§≈≈§≈((...§≈≈§≈
##≈≈≈≈8.(.8≈≈≈≈≈
###≈≈.....≈≈≈≈≈
#≈≈.....≈≈≈##
##§8...8≈≈≈#
##.....####
#.....# #8...8#


You could see a hell knight, a centaur warrior (berserk), a yaktaur and 3
centaurs.

Vanquished Creatures
  The ghost of PeterLawrence the Basher, a novice GrFi (D:8)
  Pikel (D:4)
  A yaktaur (Volcano)
  Grinder (D:5)
  Prince Ribbit (D:5)
  Sigmund (D:6)
  A yak (D:8)
  Eustachio (D:6)
  Edmund (D:6)
  Menkaure (D:7)
  Duvessa (D:6)
  2 porcupines (D:8)
  An orc warrior (D:8)
  2 sky beasts
  A black bear (D:6)
  2 ice beasts
  3 ogres
  A necrophage (D:7)
  2 crocodiles (D:8)
  2 bullfrogs (Lair:1)
  Dowan (D:6)
  A water moccasin zombie (Ossuary)
  A wyvern zombie (Ossuary)
  A scorpion (D:4)
  5 wights
  8 bullfrog zombies
  3 centaur zombies
  3 hounds
  A gnoll shaman (D:6)
  2 jellies
  5 orc wizards
  A centaur skeleton (D:6)
  4 orc priests
  2 bullfrog skeletons
  An iguana (D:4)
  3 worker ants
  A killer bee zombie (D:8)
  2 hound zombies (Ossuary)
  A hound skeleton (D:5)
  6 mummies (Ossuary)
  3 howler monkey zombies (Ossuary)
  2 worker ant zombies
  5 gnolls (D:6)
  10 adders
  4 shadow imps
  An ooze (D:7)
  An adder skeleton (D:7)
  An adder zombie (Ossuary)
  2 worms
  2 dart slugs (D:1)
  4 leopard geckos
  23 orcs
  8 giant cockroaches
  8 hobgoblins
  10 jackals
  5 kobolds
  A quokka (D:3)
  6 bats
  4 frilled lizards
  A giant cockroach zombie (Ossuary)
  4 goblins
  2 leopard gecko skeletons
  2 leopard gecko zombies
  A quokka zombie (D:8)
  8 rats
  A rat zombie (D:8)
  A fungus (D:8)
  A withered plant (Ossuary)
200 creatures vanquished.

Vanquished Creatures (others)
  An orc wizard (D:6)
  2 withered plants (Ossuary)
3 creatures vanquished.

Grand Total: 203 creatures vanquished

Notes
Turn   | Place    | Note
-------+----------+-------------------------------------------
     0 | D:1      | wojtek the Minotaur Fighter began the quest for the Orb.
     0 | D:1      | Reached XP level 1. HP: 19/19 MP: 0/0
   357 | D:1      | Reached skill level 3 in Axes
   402 | D:1      | Reached XP level 2. HP: 23/26 MP: 1/1
   851 | D:2      | Reached skill level 4 in Axes
   958 | D:2      | Noticed a wight
   963 | D:2      | Reached XP level 3. HP: 30/31 MP: 2/2
   969 | D:2      | Reached skill level 5 in Axes
   969 | D:2      | Reached XP level 4. HP: 30/39 MP: 3/3
   984 | D:1      | Reached skill level 6 in Axes
  1043 | D:2      | Reached XP level 5. HP: 29/45 MP: 4/4
  1162 | D:2      | Reached skill level 7 in Axes
  1408 | D:2      | Found a bloodstained altar of Trog.
  1608 | D:3      | Reached XP level 6. HP: 52/52 MP: 5/5
  2255 | D:3      | Found an ornate altar of the Wu Jian Council.
  2331 | D:4      | Noticed Pikel
  2331 | D:4      | Noticed a slave
  2331 | D:4      | Noticed a slave
  2331 | D:4      | Noticed a slave
  2336 | D:4      | Noticed a slave
  2342 | D:4      | Killed Pikel
  2342 | D:4      | Reached skill level 5 in Fighting
  2342 | D:4      | Reached skill level 8 in Axes
  2342 | D:4      | Reached skill level 5 in Armour
  2342 | D:4      | Reached XP level 7. HP: 45/61 MP: 6/6
  2499 | D:4      | Found a blossoming altar of Fedhas.
  2825 | D:5      | Entered Level 5 of the Dungeon
  3015 | D:5      | Reached skill level 9 in Axes
  3130 | D:5      | Reached XP level 8. HP: 32/70 MP: 7/7
  3370 | D:5      | Noticed Prince Ribbit
  3497 | D:5      | Noticed Grinder
  3509 | D:5      | Paralysed by Grinder for 3 turns
  3512 | D:5      | Killed Grinder
  3512 | D:5      | Reached skill level 1 in Dodging
  4059 | D:5      | Killed Prince Ribbit
  4174 | D:6      | Found a staircase to the Ecumenical Temple.
  4225 | D:6      | Found a shimmering altar of Xom.
  4289 | Temple   | Entered the Ecumenical Temple
  4386 | Temple   | Became a worshipper of Makhleb the Destroyer
  4431 | D:6      | Noticed Eustachio
  4449 | D:6      | Killed Eustachio
  4596 | D:6      | Reached skill level 1 in Invocations
  4628 | D:6      | Reached XP level 9. HP: 64/79 MP: 8/8
  4642 | D:6      | Reached skill level 10 in Axes
  4973 | D:6      | Noticed Dowan
  4974 | D:6      | Noticed Duvessa
  4984 | D:6      | Killed Duvessa
  4984 | D:6      | Killed Dowan
  5024 | D:6      | Noticed Edmund
  5043 | D:6      | Killed Edmund
  5047 | D:6      | Found an iron altar of Okawaru.
  5233 | D:6      | Noticed Sigmund
  5249 | D:6      | Killed Sigmund
  5707 | D:7      | Reached * piety under Makhleb
  5797 | D:7      | Found a burning altar of Makhleb.
  6021 | D:7      | Noticed Menkaure
  6033 | D:7      | Killed Menkaure
  6405 | D:8      | Found a sand-covered staircase.
  6423 | Ossuary  | Entered an ossuary
  6460 | Ossuary  | Reached skill level 5 in Dodging
  6538 | Ossuary  | Reached ** piety under Makhleb
  6712 | Ossuary  | Reached XP level 10. HP: 90/90 MP: 11/11
  6957 | D:8      | Noticed PeterLawrence's ghost (novice GrFi)
  6959 | D:8      | Found Ezatoe's Magic Scroll Shoppe.
  7008 | D:8      | Killed PeterLawrence's ghost
  7008 | D:8      | Reached skill level 11 in Axes
  7042 | D:8      | Bought a scroll of teleportation for 36 gold pieces
  7135 | D:8      | Found a staircase to the Lair.
  7275 | D:8      | Got a dazzling ring mail
  7276 | D:8      | Identified the +3 ring mail of Buymal {MR+} (You found it on level 8 of the Dungeon)
  7350 | D:9      | Found a hide-covered altar of Uskayaw.
  7353 | D:9      | Noticed a hand axe
  7354 | D:9      | Noticed a dagger
  7493 | D:9      | Noticed empire's ghost (novice GnGl)
  7915 | Lair:1   | Entered Level 1 of the Lair of Beasts
  7925 | Lair:1   | Noticed a four-headed hydra
  7952 | Lair:1   | Found a dark tunnel.
  7960 | Volcano  | Entered a volcano
  8035 | Volcano  | Noticed a centaur warrior
  8195 | Volcano  | HP: 1/91 [centaur warrior/rapier of flaming (5)]
  8197 | Volcano  | Noticed a hell knight
  8197 | Volcano  | Mangled by a centaur warrior

Skill      XL: |  1  2  3  4  5  6  7  8  9 10 |
---------------+-------------------------------+-----
Axes           | 3 4 5 6 7 8 9 10 11 | 11.2
Fighting       | 5 6 7 8 9 |  9.3
Armour         | 5 6 7 8 9 |  9.3
Dodging        | 3 5 6 |  6.2
Invocations    | 1 3 4 |  4.9
Shields        | |  3.6

Action                   |  1- 3 |  4- 6 |  7- 9 | 10-12 || total
-------------------------+-------+-------+-------+-------++-------
Melee: War axe           |    39 |   110 |   401 |   174 ||   724
       Headbutt          |     6 |    14 |    85 |    30 ||   135
Evoke: Wand              |       |       |       |     8 ||     8
  Use: Scroll            |       |       |       |    11 ||    11
       Potion            |       |       |       |     2 ||     2
  Eat: Chunk             |       |     5 |    12 |     2 ||    19
       Ration            |       |       |     1 |     1 ||     2
Armor: Scale mail        |    29 |    24 |       |       ||    53
       Plate armour      |       |    31 |   199 |    88 ||   318
       Ring mail         |       |       |       |     9 ||     9
Dodge: Dodged            |    12 |    27 |    48 |    43 ||   130
Block: Shield            |    22 |    53 |   137 |    78 ||   290
